Description

PvP stargate opening with 4 stalkers and 4 phoenixes

VOD

https://www.youtube.com/watch?v=93qqgasP0IA&t=0s

Replay - goblin v LiquidMaNa - Ever Dream LE

Build Order

Get SALT Encoding   

  12  0:00  Probe  
  13  0:12  Probe  
  14  0:16  Pylon  
  14  0:24  Probe (Chrono Boost)  
  15  0:37  Gateway, Probe (Chrono Boost)  
  16  0:42  Probe (Chrono Boost)  
  17  0:45  Assimilator  
  17  0:51  Probe  
  18  0:54  Assimilator  probe scouts close proxy
  18  1:03  Probe (Chrono Boost)  
  19  1:07  Gateway  
  19  1:12  Probe (Chrono Boost)  
  20  1:20  Probe (Chrono Boost)  
  21  1:25  Cybernetics Core  
  22  1:34  Pylon  
  22  1:41  Probe  probe scouts proxy
  23  1:53  Probe  probe awaits adept
  24  2:00  Stalker x2  
  28  2:07  Stargate  
  28  2:13  Pylon  
  28  2:15  Warp Gate  
  28  2:26  Probe  
  29  2:34  Stalker x2  
  33  2:52  Phoenix (Chrono Boost)  
  35  2:59  Pylon  
  35  3:08  Phoenix (Chrono Boost)  
  36  3:26  Nexus  
  36  3:34  Phoenix (Chrono Boost)  
  38  3:42  Probe  
  39  3:50  Phoenix  
  41  3:56  Probe  
  42  4:08  Probe  
  42  4:09  Pylon  
  43  4:15  Phoenix (Chrono Boost)  
  45  4:22  Probe  
  46  4:35  Probe  
  47  4:45  Phoenix (Chrono Boost)  
  47  4:50  Probe x2  
  51  4:54  Adept x2  
  55  5:02  Phoenix (Chrono Boost), Probe x2  
  59  5:14  Probe x2  
  61  5:25  Phoenix  
  61  5:26  Probe x2  
  63  5:38  Probe x2  
  63  5:39  Gateway x2  
  63  5:40  Pylon  
  63  5:50  Phoenix, Probe  
  63  5:53  Adept x2  
  70  5:58  Probe x2  
  70  5:59  Robotics Facility  
  70  6:03  Assimilator  
  72  6:12  Probe x2  
  72  6:15  Assimilator  
  72  6:16  Pylon  
  74  6:24  Probe x2  
Spawning Tool Build Advisor. Get it on Overwolf

Go to:

Details

  • Created by: Radiz
  • Published on: May 05, 2020
  • Modified on: Jan 02, 2021
  • Patch: 4.11.0
  • Difficulty: Medium
Show
View Real Time Build Order
Export as new Build Order

Comments (0)

There are no comments. Be the first!

Create an account to comment!